 Dungeon Crawl Stone Soup version 0.16-a0-3497-g356bc21 (console) character file.

1641286 MarvinPA the Conqueror (level 27, 196/245 HPs)
             Began as a Hill Orc Fighter on Jan 1, 2015.
             Was the Champion of Qazlal.
             Escaped with the Orb
             ... and 3 runes on Jan 5, 2015!
             The game lasted 04:50:29 (76059 turns).

MarvinPA the Conqueror (Hill Orc Fighter)          Turns: 76059, Time: 04:50:29

Health: 196/245    AC: 51    Str: 32    XL:     27
Magic:  45/45      EV: 12    Int:  7    God:    Qazlal [******]
Gold:   4419       SH:  8    Dex: 16    Spells: 0 memorised, 26 levels left

rFire  + + .     SeeInvis +     a - +9 battleaxe (vamp)
rCold  . . .     Clarity  .     r - +10 plate armour {rF+}
rNeg   . . .     SustAb   .     (no shield)
rPois  .         Gourm    .     o - +0 mask of the Dragon {MR+ Slay+3 SInv}
rElec  .         Spirit   .     z - +2 cloak of Tirusy {Int+1}
rCorr  .         Warding  .     D - +2 pair of fencer's gloves {EV+3 Dex+6 Slay+2}
rMut   +         Stasis   .     v - +2 pair of boots {run}
MR     +++..                    J - amulet of resist mutation
Stlth  ..........               R - ring of protection from fire
                                x - ring of Robustness {AC+8}

@: very slightly contaminated, repel missiles, drained, quick, extremely
resistant to hostile enchantments, extremely unstealthy
A: dopey 1, frail 1
a: Upheaval, Elemental Force, Disaster Area, Renounce Religion
0: Orb of Zot
}: 3/15 runes: decaying, serpentine, silver


You escaped.
You worshipped Qazlal.
Qazlal was exalted by your worship.
You were not hungry.

You visited 11 branches of the dungeon, and saw 59 of its levels.
You also visited: Labyrinth and Ice Cave.

You collected 7436 gold pieces.
You spent 3017 gold pieces at shops.


Innate Abilities, Weirdness & Mutations

You are dopey. (Int -2)
You are frail (-10% HP).


   Skills:
 O Level 27(26.6) Fighting
 O Level 27(26.6) Axes
 + Level 24.3(24.0) Armour
   Level 3.2(3.1) Shields
 O Level 27(26.6) Invocations
 - Level 19.7(19.4) Evocations


You had 26 spell levels left.
You didn't know any spells.

Inventory:

Hand weapons
 a - a +9 vampiric battleaxe (weapon)
 b - a +9 executioner's axe of freezing
Missiles
 h - 7 throwing nets (quivered)
Armour
 o - the +0 mask of the Dragon (worn) {MR+ Slay+3 SInv}
   (You bought it in a shop on level 4 of the Orcish Mines)

   It affects your accuracy and damage with ranged weapons and melee attacks
   (+3).
   It affects your resistance to hostile enchantments.
   It enhances your eyesight.
 r - a +10 plate armour of fire resistance (worn)
 v - a +2 pair of boots of running (worn)
 z - the +2 cloak of Tirusy (worn) {Int+1}
   (You found it on level 5 of the Vaults)

   It affects your intelligence (+1).
 D - the +2 pair of fencer's gloves (worn) {EV+3 Dex+6 Slay+2}
   (You found it on level 3 of the Elven Halls)

   It affects your evasion (+3).
   It affects your dexterity (+6).
   It affects your accuracy and damage with ranged weapons and melee attacks
   (+2).
Jewellery
 i - an uncursed amulet of clarity
 u - an uncursed ring of teleportation
 x - the ring of Robustness (left hand) {AC+8}
   (You found it on level 3 of the Elven Halls)

   [ring of protection]

   It affects your AC (+8).
 y - the amulet of Cekugob {Ward -Tele rElec rPois rN++ AC+1 EV+1}
   (You found it on level 3 of the Elven Halls)

   [amulet of warding]

   It may prevent the melee attacks of summoned creatures.
   It affects your AC (+1).
   It affects your evasion (+1).
   It insulates you from electricity.
   It protects you from poison.
   It greatly protects you from negative energy.
   It prevents most forms of teleportation.
 F - a +5 ring of protection
 I - an uncursed ring of teleport control
 J - an amulet of resist mutation (around neck)
 R - a ring of protection from fire (right hand)
 S - an uncursed ring of protection from cold
 T - an uncursed ring of flight
 U - an uncursed ring of protection from magic
Magical devices
 g - a wand of heal wounds (5) {!d}
 t - a wand of hasting (3) {!d}
 G - a wand of teleportation (8) {!d}
 H - a wand of digging (6)
 N - a wand of teleportation (4) {!d}
 X - a wand of disintegration (10)
Scrolls
 e - a scroll of summoning
 f - 2 scrolls of enchant weapon
 k - 8 scrolls of teleportation
 m - 15 scrolls of identify
 p - 9 scrolls of fog
 B - 13 scrolls of remove curse
 C - 2 scrolls of blinking
 E - 2 scrolls of magic mapping
 W - 6 scrolls of silence
Potions
 j - 14 potions of curing
 l - 2 potions of cure mutation
 s - 3 potions of resistance
 w - 7 potions of cancellation
 A - 4 potions of berserk rage
 K - 5 potions of agility
Miscellaneous
 n - a phial of floods (inert)
 q - a legendary deck of defence {the Cloud, drawn: 1}
 M - a disc of storms
 P - a fan of gales (inert)
 V - 3 lamps of fire (2 inert)
Comestibles
 d - 25 meat rations

Dungeon Overview and Level Annotations

Branches:
Dungeon (15/15)            Temple (1/1) D:7            Lair (8/8) D:11
  Swamp (5/5) Lair:3        Snake (5/5) Lair:6        Slime (0/6) Lair:7
    Orc (4/4) D:11            Elf (3/3) Orc:4        Vaults (5/5) D:13
  Crypt (3/3) Vaults:2       Tomb (0/3) Crypt:3      Depths (5/5) D:15
    Zot (5/5) Depths:5

Altars:
Ashenzari
Cheibriados
Dithmenos
Elyvilon
Fedhas
Gozag
Kikubaaqudgha
Makhleb
Nemelex Xobeh
Okawaru
Qazlal
Ru
Sif Muna
Trog
Vehumet
Xom
Yredelemnul
Zin
The Shining One
Beogh

Shops:
D:10 [   D:15 }   Orc:2 (   Orc:4 ([*:   Elf:3 =   Snake:3 =}%%   Vaults:1 !
Vaults:3 [

Portals:
Hell: Depths:1 Depths:2 Depths:3 Depths:4 Depths:5
Abyss: Depths:4
Pandemonium: Depths:1 Depths:3 Depths:4
Ziggurat: Depths:5

Annotations:
Lair:1 exclusion: ice statue
Lair:8 runed door
Snake:4 exclusion: Roxanne, Roxanne
Elf:2 runed door
Depths:1 runed door
Depths:5 runed door

#.# #............#.##.####.###..
#.# ##..#######..#.##.# #.#....
#.#####..##...##..#.##.# #......
......#..#.###.#....##.######.##.
#.###....#.#⌠'.#..#.##.#.......#.
.........'.###.#..#.##.##.#.####.
..###....##...##.##..#......####.
..###...)#######.###(###.#.......
....#...........o.##.# #.........
..............#...##.# ####......
.........#...##..###.# #......
.#####.#.#...........# ##..... ##
#...#.########### #......
#########.# #[......######......
#......##.###..................#
#......##.##....................
#......##.##...............#####


There were no monsters in sight!


Message History

There is a stone staircase leading down here.
Unknown command.
A blue devil comes into view.
You chop the blue devil into pieces!!!
You kill the blue devil!
Qazlal accepts your kill.
No target in view!
No target in view!
(D) Dungeon (T) Temple (L) Lair (S) Swamp (P) Snake Pit (M) Slime Pits (O) Orcish Mines (E) Elven Halls (V) Vaults (C) Crypt (W) Tomb (U) Depths (H) Hell (Z) Zot
Where to? (* - list waypoints, Enter - D:1 @ (x,y), ? - help)
You hear a grinding noise.
You see here 18 stones.
You hear a grinding noise.
You hear a grinding noise.
You hear a grinding noise.
There is a staircase leading out of the dungeon here.
Evoke which item? (* to show all) (? for menu, Esc to quit)
You draw the Elixir.
You hear a grinding noise.
Read which item? (? for menu, Esc to quit)
Identify which item? (\ to view known items) (? for menu, Esc to quit)
As you read the scroll of identify, it crumbles to dust.
You get a glimpse of the first card.
It is the Cloud.
q - a legendary deck of defence {the Cloud, drawn: 1} Evoke which item? (* to show all) (? for menu, Esc to quit)
Okay, then.
You have escaped!

Action                   |  1- 3 |  4- 6 |  7- 9 | 10-12 | 13-15 | 16-18 | 19-21 | 22-24 | 25-27 || total
-------------------------+-------+-------+-------+-------+-------+-------+-------+-------+-------++-------
Melee: War axe           |    61 |   194 |   423 |   972 |   119 |       |       |       |       ||  1769
       Battleaxe         |       |       |       |       |   722 |       |       |   352 |  1845 ||  2919
       Executioner's axe |       |       |       |       |   576 |   935 |  1167 |   682 |       ||  3360
 Fire: Blowgun           |       |       |       |       |     4 |       |       |       |       ||     4
Throw: Tomahawk          |       |       |     4 |     2 |       |       |       |       |       ||     6
       Javelin           |       |       |       |       |       |       |    37 |       |       ||    37
Invok: Upheaval          |       |       |       |     7 |    29 |    32 |    25 |     9 |    12 ||   114
       Elemental Force   |       |       |       |       |     3 |     5 |     1 |     2 |       ||    11
       Disaster Area     |       |       |       |       |       |       |     2 |     6 |     1 ||     9
 Abil: Evoke Flight      |       |       |       |       |       |       |       |       |     8 ||     8
       Stop Flying       |       |       |       |       |       |       |       |       |     1 ||     1
Evoke: Wand              |       |       |    10 |    11 |     2 |    13 |     3 |     3 |     5 ||    47
       Lamp of fire      |       |       |       |     1 |     6 |    11 |     6 |     6 |     5 ||    35
       Deck              |       |       |       |       |     7 |     2 |       |       |     1 ||    10
       Rod               |       |       |       |       |       |       |       |     2 |       ||     2
       Phantom mirror    |       |       |       |       |       |       |       |       |     3 ||     3
       Fan of gales      |       |       |       |       |       |       |       |       |     1 ||     1
       Phial of floods   |       |       |       |       |       |       |       |       |     1 ||     1
  Use: Scroll            |       |       |    17 |    12 |    15 |     9 |     4 |    30 |    25 ||   112
       Potion            |       |       |     1 |     3 |     2 |     8 |     9 |     9 |     5 ||    37
 Stab: Distracted        |       |       |       |       |       |     2 |       |     1 |     1 ||     4
       Confused          |       |       |       |       |       |       |     1 |       |       ||     1
  Eat: Chunk             |     2 |     5 |    14 |    21 |    41 |    32 |    26 |    10 |    11 ||   162
       Beef jerky        |       |       |       |       |     1 |       |       |     1 |       ||     2
       Royal jelly       |       |       |       |       |     2 |       |       |     1 |       ||     3
       Fruit             |       |       |       |       |     1 |       |       |       |     4 ||     5
       Pizza             |       |       |       |       |       |     2 |     5 |     2 |     1 ||    10
       Bread ration      |       |       |       |       |       |     1 |     1 |     5 |     1 ||     8
       Meat ration       |       |       |       |       |       |       |     1 |     2 |     3 ||     6

Vault maps used:
D:1:      minmay_arrival_stone_box, hangedman_glass_teeth
D:2:      first_bread, uniq_jessica
D:3:      serial_bayou_crossing
D:4:      serial_park_square1, lemuel_crystal_altar
D:5:      fiery_altar_vehumet, overflow_temple_1_default, minitemple, uniq_iyjb,
          uniq_grinder, uniq_sigmund, uniq_pikel
D:6:      kennysheep_flooded_box
D:7:      old_standard_altar, lemuel_crystal_altar,
          minmay_temple_entry_statues_pillars, uniq_duvessa
D:8:      lemuel_round_altar, ashenzari_conservatory_becter,
          grunt_temple_overflow_opulence, uniq_erolcha
D:10:     serial_shops, kennysheep_little_box, basic_altar,
          hangedman_stone_soup, lemuel_old_faithful, uniq_harold, uniq_maurice
D:11:     lair_0_dummy, david_orc_2
D:12:     uniq_grum
D:13:     grunt_vaults_entry_tiered, basic_altar,
          lemuel_mausoleum_altar_kikubaaqudgha
D:14:     fountainhead, minivault_11, uniq_nessos
D:15:     gammafunk_enter_depths_forms, bh_walls_and_bars, lab_entry_generic,
          serial_shops, shop
Temple:   minmay_temple_bridge_a_8
Lair:1:   special_room, ice2_lemuel, uniq_nergalle
Lair:2:   grunt_megastairs_3
Lair:3:   swamp_mist_pool, uniq_gastronok
Lair:4:   lemuel_reptile_caves
Lair:5:   tgw_fedhas
Lair:6:   guppyfry_snake_entry_garden, portal_ice_cave_entry_animals_and_master,
          lemuel_fruit_tree
Lair:7:   minmay_slime_entry_pillars, grunt_forest_large_clearings
Lair:8:   guppyfry_lair_end_dragon, wormcave, serial_bayou_lake_a
Swamp:1:  nicolae_swamp_round_clearing
Swamp:2:  nicolae_swamp_fairy_circle, swamp_pool3
Swamp:3:  hangedman_swamp_pad
Swamp:4:  nicolae_swamp_godswood, swamp_pool4, uniq_donald
Swamp:5:  grunt_swamp_rune_castle, hangedman_swamp_blocks
Snake:1:  uniq_aizul, uniq_rupert
Snake:3:  serial_shops, shop, shop, shop, nicolae_shop_stone, uniq_snorg,
          uniq_norris
Snake:4:  basic_altar, uniq_roxanne, uniq_vashnia, uniq_louise
Snake:5:  snake_pit_salamanders_mu, basic_stair_grate_trap, uniq_saint_roka
Orc:1:    basic_altar
Orc:2:    serial_shops, shop
Orc:3:    nicolae_orc_accident_2, nicolae_orc_pool_cavern
Orc:4:    st_orc_congregation
Elf:1:    eino_elf_arrival_customs, minmay_elf_demonology
Elf:2:    grunt_ministairs_6, minivault_4, einodemon_crawler_minivault,
          uniq_azrael, uniq_asterion
Elf:3:    minmay_elf_hall, serial_shops, nicolae_shop_behind_doors,
          guppyfry_elf_castle
Vaults:1: st_lines, v_alt_pattern_1, nicolae_vaults_triangles,
          grunt_vaults_hallway_long, hangedman_vaults_capsules,
          vaults_mumra_minichess_inversion, v_rooms_3, grunt_vaults_focal,
          serial_shops, shop_statue
Vaults:2: kb_rosetta, v_misc_10, minmay_crypt_entry_nasty_monster,
          vaults_room_octagon, v_alt_pattern_5, nicolae_vaults_big_angled_halls,
          v_misc_25, nicolae_vaults_little_squares_3, v_misc_25,
          grunt_vaults_hallway_short, vaults_room_pool, vaults_mumra_hexcomb,
          nicolae_vaults_alarming, serial_ice_g
Vaults:3: nicolae_vaults_angled_halls, hangedman_vaults_slice,
          grunt_vaults_funnel, st_more_cells, vaults_room_large_hall,
          vaults_dpeg_hooks, hangedman_vaults_trim,
          nicolae_vaults_diagonal_hallway_8, serial_shops, nicolae_shop_stone,
          uniq_boris
Vaults:4: vaults_standard_mumra_lines, hangedman_vaults_corner,
          vaults_room_octagon, v_misc_13, ontoclasm_vaults_bender,
          hangedman_vaults_stagger, nicolae_vaults_theta,
          nicolae_vaults_lopsided_apartments, ontoclasm_vaults_eye,
          vaults_room_ringed_pool, hangedman_vaults_trim,
          ontoclasm_vaults_misaligned, nicolae_vaults_ring_of_whatevers,
          v_misc_9, nicolae_vaults_ring_of_whatevers, vaults_room_pool,
          uniq_boris
Vaults:5: serial_shops
Crypt:1:  uniq_margery, uniq_mennas
Crypt:2:  st_stairs_2
Crypt:3:  lightli_unholy_cathedral, crypt_curse_skull, uniq_mara
Depths:1: rand_demon_pan_entry_8, hell_entry, hangedman_decor_riveting,
          grunt_ministairs_10, minmay_st_funbox, hallowed_hall
Depths:2: radiant_caverns_b_rkd, hell_entry, serial_shops, uniq_wiglaf
Depths:3: cross_vault, serial_bayou, serial_bayou_pond_c, serial_bayou_lagoon_b,
          serial_bayou_pond_b, serial_bayou_pond_a, grunt_mini_vestibule,
          pan_entry, infiniplex_staircase_zigzag_1, uniq_agnes
Depths:4: lemuel_ice_statue, hell_entry, okawaru_ov_weapons_minmay,
          grunt_pan_entry_in_and_out, abyss_entry, infiniplex_staircase_pool_2,
          serial_bayou_shore_b, uniq_jorgrun
Depths:5: evilmike_zot_entry_castle, enter_ziggurat_b, tso_altar, pf_coc_iceberg
Zot:1:    kennysheep_six_static_rooms
Zot:2:    nicolae_zot_crop_circle
Zot:4:    zot_minivault_4
Zot:5:    kennysheep_underground_church
Lab:      labyrinth_spiral, nicolae_lab_grate, nicolae_lab_garden,
          labyrinth_skeletal_remains, nicolae_lab_big_swirl
IceCv:    ice_cave_caverns_01

Notes
Turn   | Place    | Note
--------------------------------------------------------------
     0 | D:1      | MarvinPA, the Hill Orc Fighter, began the quest for the Orb.
     0 | D:1      | Reached XP level 1. HP: 19/19 MP: 1/1
   459 | D:1      | Reached skill level 3 in Axes
   549 | D:1      | Reached XP level 2. HP: 26/26 MP: 2/2
  1238 | D:2      | Reached XP level 3. HP: 28/31 MP: 3/3
  1239 | D:2      | Reached skill level 4 in Armour
  1342 | D:2      | Noticed Jessica
  1349 | D:2      | Killed Jessica
  1349 | D:2      | Reached skill level 4 in Axes
  1421 | D:2      | Reached XP level 4. HP: 28/39 MP: 4/4
  2285 | D:4      | Noticed a phantom
  2448 | D:4      | Killed a phantom
  2448 | D:4      | Reached skill level 5 in Axes
  2448 | D:4      | Reached skill level 5 in Armour
  2448 | D:4      | Reached XP level 5. HP: 17/45 MP: 5/5
  2589 | D:4      | Found a blossoming altar of Fedhas.
  2631 | D:4      | Reached skill level 6 in Axes
  2631 | D:4      | Reached XP level 6. HP: 47/51 MP: 6/6
  2941 | D:5      | Entered Level 5 of the Dungeon
  3009 | D:5      | Reached skill level 6 in Armour
  3020 | D:5      | Reached skill level 7 in Axes
  3020 | D:5      | Reached XP level 7. HP: 35/57 MP: 7/7
  3221 | D:5      | Killed Grinder
  3364 | D:5      | Found a radiant altar of Vehumet.
  3478 | D:5      | Reached skill level 7 in Armour
  3648 | D:5      | Noticed Pikel
  3680 | D:5      | Killed Pikel
  3680 | D:5      | Reached skill level 5 in Fighting
  3680 | D:5      | Reached skill level 8 in Axes
  3680 | D:5      | Reached XP level 8. HP: 59/68 MP: 8/8
  3779 | D:5      | Found a burning altar of Makhleb.
  3834 | D:5      | Noticed Sigmund
  3844 | D:5      | Killed Sigmund
  3949 | D:5      | Noticed Ijyb
  3951 | D:5      | Found a deep blue altar of Sif Muna.
  3952 | D:5      | Found a shadowy altar of Dithmenos.
  3956 | D:5      | Killed Ijyb
  4157 | D:6      | Reached skill level 9 in Axes
  4157 | D:6      | Reached skill level 8 in Armour
  4526 | D:6      | Reached skill level 6 in Fighting
  5036 | D:6      | Reached XP level 9. HP: 78/78 MP: 9/9
  5289 | D:7      | Found an iron altar of Okawaru.
  5305 | D:7      | Found a staircase to the Ecumenical Temple.
  5339 | Temple   | Entered the Ecumenical Temple
  5618 | D:7      | Noticed Duvessa
  5619 | D:7      | Found a stormy altar of Qazlal.
  5619 | D:7      | Noticed Dowan
  5627 | D:7      | Killed Duvessa
  5637 | D:7      | Killed Dowan
  5637 | D:7      | Reached skill level 10 in Axes
  5641 | D:7      | Became a worshipper of Qazlal Stormbringer
  5802 | D:7      | Reached skill level 7 in Fighting
  5923 | D:7      | Reached skill level 9 in Armour
  6011 | D:7      | Reached skill level 1 in Invocations
  6340 | D:7      | Reached skill level 2 in Invocations
  6537 | D:8      | Noticed Erolcha
  6681 | D:8      | Found an opulent altar of Gozag.
  6682 | D:8      | Found a sparkling altar of Nemelex Xobeh.
  7011 | D:8      | Reached skill level 3 in Invocations
  7102 | D:8      | Acquired Qazlal's first power
  7140 | D:8      | Killed Erolcha
  7140 | D:8      | Reached skill level 8 in Fighting
  7140 | D:8      | Reached skill level 11 in Axes
  7140 | D:8      | Reached XP level 10. HP: 74/90 MP: 15/15
  7218 | D:8      | Reached skill level 10 in Armour
  7222 | D:8      | Found a white marble altar of Elyvilon.
  7243 | D:8      | Found a shattered altar of Ashenzari.
  7660 | D:9      | Reached skill level 9 in Fighting
  7994 | D:9      | Reached skill level 12 in Axes
  8049 | D:9      | Acquired Qazlal's second power
  8383 | D:10     | Entered Level 10 of the Dungeon
  8389 | D:10     | Reached skill level 4 in Invocations
  8446 | D:10     | Noticed Harold
  8666 | D:10     | Found an opulent altar of Gozag.
  8697 | D:10     | Reached skill level 5 in Invocations
  8900 | D:10     | Killed Harold
  8900 | D:10     | Reached skill level 13 in Axes
  8900 | D:10     | Reached skill level 6 in Invocations
  8900 | D:10     | Reached XP level 11. HP: 26/97 MP: 18/21
  8972 | D:10     | Noticed Maurice
  9139 | D:10     | Killed Maurice
  9139 | D:10     | Reached skill level 7 in Invocations
  9458 | D:10     | Found Vueru's Antique Armour Boutique.
  9465 | D:10     | Bought a pair of spiked boots for 256 gold pieces
  9470 | D:10     | Identified the +0 pair of boots "Siruuj" {rF+ SInv} (You bought it in a shop on level 10 of the Dungeon)
  9716 | D:11     | Found a staircase to the Lair.
  9749 | D:11     | Reached skill level 11 in Armour
  9774 | D:11     | Found a staircase to the Orcish Mines.
  9777 | D:11     | Acquired Qazlal's third power
  9845 | D:11     | Reached skill level 14 in Axes
 10951 | D:12     | Acquired Qazlal's fourth power
 10956 | D:12     | Reached skill level 12 in Armour
 10967 | D:12     | Reached skill level 15 in Axes
 11142 | D:12     | Reached XP level 12. HP: 105/105 MP: 23/23
 11176 | D:12     | Noticed a hill giant
 11185 | D:12     | Killed a hill giant
 11781 | D:12     | Noticed Grum
 11789 | D:12     | Killed Grum
 11885 | D:12     | Reached skill level 13 in Armour
 12092 | D:12     | Reached skill level 16 in Axes
 12262 | Lair:1   | Entered Level 1 of the Lair of Beasts
 12414 | Lair:1   | Acquired Qazlal's fifth power
 12466 | Lair:1   | Reached skill level 10 in Fighting
 12486 | Lair:1   | Reached skill level 8 in Invocations
 12764 | Lair:1   | Noticed Nergalle
 12780 | Lair:1   | Killed Nergalle
 12832 | Lair:1   | Reached skill level 9 in Invocations
 12856 | Lair:1   | Reached skill level 11 in Fighting
 13082 | Lair:1   | Noticed an ice dragon
 13103 | Lair:1   | Killed an ice dragon
 13126 | Lair:1   | Reached skill level 10 in Invocations
 13713 | Lair:2   | Reached XP level 13. HP: 115/117 MP: 25/27
 14056 | Lair:2   | Reached skill level 12 in Fighting
 14067 | Lair:2   | Reached skill level 11 in Invocations
 15191 | Lair:3   | Reached skill level 1 in Evocations
 15194 | Lair:3   | Reached skill level 2 in Evocations
 15199 | Lair:3   | Reached skill level 3 in Evocations
 15256 | Lair:3   | Identified a +0 rod of ignition (13/13) (You found it on level 3 of the Lair of Beasts)
 15292 | Lair:3   | Found a staircase to the Swamp.
 15415 | Lair:3   | Reached skill level 4 in Evocations
 15419 | Lair:3   | Noticed Gastronok
 15434 | Lair:3   | Killed Gastronok
 15889 | Lair:4   | Reached skill level 5 in Evocations
 16469 | Lair:4   | Reached skill level 17 in Axes
 16963 | Lair:4   | Reached skill level 6 in Evocations
 17715 | Lair:5   | Reached skill level 7 in Evocations
 17715 | Lair:5   | Reached XP level 14. HP: 125/127 MP: 28/28
 17964 | Lair:5   | Found a blossoming altar of Fedhas.
 18257 | Lair:5   | Reached skill level 18 in Axes
 18257 | Lair:5   | Reached skill level 8 in Evocations
 18878 | Lair:6   | Found a staircase to the Snake Pit.
 19123 | Lair:6   | Found a frozen archway.
 19168 | Lair:6   | Reached skill level 9 in Evocations
 19357 | IceCv    | Entered an ice cave
 19928 | IceCv    | Reached skill level 13 in Fighting
 20023 | IceCv    | Reached skill level 19 in Axes
 20344 | IceCv    | Noticed a frost giant
 20352 | IceCv    | Noticed a sphinx
 20352 | IceCv    | a frost giant changed into a sphinx
 20353 | IceCv    | nice
 20353 | IceCv    | a sphinx changed into a death yak
 20354 | IceCv    | that'll do
 20530 | IceCv    | ok
 20538 | IceCv    | Got a shimmering gold dragon armour
 20644 | IceCv    | Identified the cursed -8 gold dragon armour "Hergh" {rElec rPois rF+ rC+ Dex-1 SInv} (You found it in an ice cave)
 21487 | Lair:7   | Found a staircase to the Slime Pits.
 21709 | Lair:7   | Identified a scroll of acquirement
 21712 | Lair:7   | not bad
 22374 | Lair:8   | Entered Level 8 of the Lair of Beasts
 22438 | Lair:8   | Reached XP level 15. HP: 120/137 MP: 13/29
 22513 | Lair:8   | Reached skill level 20 in Axes
 23160 | Lair:8   | Reached skill level 12 in Invocations
 23346 | Lair:8   | Upgraded the game from 0.16-a0-3458-g6d2551d to 0.16-a0-3467-gfe061fe
 23753 | Lair:8   | Found a runed door.
 24249 | Orc:1    | Entered Level 1 of the Orcish Mines
 24250 | Orc:1    | Found a roughly hewn altar of Beogh.
 24868 | Orc:2    | Found Saosamuf's Antique Weapon Boutique.
 25302 | Orc:3    | Found a roughly hewn altar of Beogh.
 25549 | Orc:3    | Reached skill level 13 in Invocations
 25726 | Orc:4    | Entered Level 4 of the Orcish Mines
 25736 | Orc:4    | Reached skill level 14 in Armour
 26713 | Orc:4    | Found a staircase to the Elven Halls.
 26909 | Orc:4    | Found Mninnopau's General Store.
 26910 | Orc:4    | Found Axzid's Book Emporium.
 26911 | Orc:4    | Found Xiunti's Antique Armour Emporium.
 26911 | Orc:4    | Found Wamut's Antique Weapon Shoppe.
 26925 | Orc:4    | Bought an uncursed amulet of clarity for 260 gold pieces
 26954 | Orc:4    | Bought the +0 mask of the Dragon {MR+ Slay+3 SInv} for 734 gold pieces
 27279 | D:13     | Found an ancient bone altar of Kikubaaqudgha.
 27523 | D:13     | Reached XP level 16. HP: 88/145 MP: 31/31
 27531 | D:13     | Reached skill level 15 in Armour
 27736 | D:13     | Found an opulent altar of Gozag.
 27865 | D:13     | Found a gate to the Vaults.
 28345 | D:14     | Noticed Nessos
 28346 | D:14     | Reached skill level 21 in Axes
 28357 | D:14     | Killed Nessos
 29081 | D:15     | Entered Level 15 of the Dungeon
 29096 | D:15     | Found Monont's Gadget Emporium.
 29100 | D:15     | Bought a wand of teleportation (3) for 273 gold pieces
 29159 | D:15     | Found a staircase to the Depths.
 29213 | D:15     | Found a labyrinth entrance.
 29220 | Lab      | Entered a labyrinth
 29412 | Lab      | Identified a quicksilver dragon armour (You found it in a labyrinth)
 30471 | D:15     | Bought a -1 iron rod (10/10) for 910 gold pieces
 30681 | Snake:1  | Entered Level 1 of the Snake Pit
 30713 | Snake:1  | Reached skill level 16 in Armour
 30725 | Snake:1  | Noticed Aizul
 30749 | Snake:1  | Killed Aizul
 31153 | Snake:1  | Reached skill level 14 in Fighting
 31268 | Snake:1  | Noticed Rupert
 31277 | Snake:1  | Killed Rupert
 31500 | Snake:1  | Identified a wand of heal wounds
 32533 | Snake:3  | Noticed Snorg
 32540 | Snake:3  | Killed Snorg
 32623 | Snake:3  | Found Yzxeal's Jewellery Shop.
 32789 | Snake:3  | Reached skill level 14 in Invocations
 32802 | Snake:3  | Reached skill level 15 in Fighting
 32802 | Snake:3  | Reached XP level 17. HP: 84/156 MP: 32/32
 33196 | Snake:3  | Noticed Norris
 33207 | Snake:3  | Noticed Norris
 33207 | Snake:3  | Norris changed into Norris the iron dragon
 33224 | Snake:3  | Killed Norris the iron dragon
 33546 | Snake:3  | Found Smuifod's Food Emporium.
 33690 | Snake:3  | Found Nizuesh's Gadget Emporium.
 33807 | Snake:3  | Found Suleucki's Food Emporium.
 34023 | Snake:4  | Noticed Vashnia
 34058 | Snake:4  | Killed Vashnia
 34067 | Snake:4  | Reached skill level 15 in Invocations
 34400 | Snake:4  | Noticed Louise
 34408 | Snake:4  | Killed Louise
 34418 | Snake:4  | Found a stormy altar of Qazlal.
 34469 | Snake:4  | Reached skill level 16 in Fighting
 34982 | Snake:4  | Noticed Roxanne
 35409 | Snake:4  | Reached skill level 16 in Invocations
 36126 | Snake:5  | Entered Level 5 of the Snake Pit
 36461 | Snake:5  | Reached skill level 22 in Axes
 36574 | Snake:5  | Reached skill level 17 in Fighting
 36583 | Snake:5  | Noticed Saint Roka
 36607 | Snake:5  | Killed Saint Roka
 37114 | Snake:5  | Reached XP level 18. HP: 152/170 MP: 35/35
 38015 | Snake:5  | Reached skill level 18 in Fighting
 38178 | Snake:5  | Reached skill level 23 in Axes
 38757 | Snake:5  | Got a serpentine rune of Zot
 39216 | Swamp:1  | Entered Level 1 of the Swamp
 39863 | Swamp:2  | Reached XP level 19. HP: 160/181 MP: 31/36
 40491 | Swamp:3  | Reached skill level 17 in Invocations
 40721 | Swamp:3  | Reached skill level 17 in Armour
 41501 | Swamp:4  | Noticed Donald
 41505 | Swamp:4  | Killed Donald
 42206 | Swamp:4  | Found a basalt altar of Yredelemnul.
 42395 | Swamp:5  | Entered Level 5 of the Swamp
 42425 | Swamp:5  | Upgraded the game from 0.16-a0-3467-gfe061fe to 0.16-a0-3494-g28000b7
 42431 | Swamp:5  | Upgraded the game from 0.16-a0-3494-g28000b7 to 0.16-a0-3497-g356bc21
 42440 | Swamp:5  | Reached skill level 18 in Invocations
 43376 | Swamp:5  | Noticed the 27-headed Lernaean hydra
 43382 | Swamp:5  | Reached skill level 18 in Armour
 43383 | Swamp:5  | Killed the 27-headed Lernaean hydra
 43393 | Swamp:5  | Got a decaying rune of Zot
 43863 | Elf:1    | Entered Level 1 of the Elven Halls
 43984 | Elf:1    | Reached XP level 20. HP: 189/189 MP: 38/38
 43992 | Elf:1    | Identified the Catalogue of Summoning
 44089 | Elf:1    | Reached skill level 19 in Invocations
 45285 | Elf:2    | Noticed Asterion
 45292 | Elf:2    | Killed Asterion
 45996 | Elf:2    | Found a runed gate.
 45997 | Elf:2    | Found a runed gate.
 45997 | Elf:2    | Found a runed gate.
 46152 | Elf:2    | Reached skill level 19 in Armour
 46190 | Elf:2    | Reached skill level 20 in Invocations
 46331 | Elf:2    | Noticed Azrael
 46340 | Elf:2    | Killed Azrael
 46429 | Elf:2    | Reached skill level 19 in Fighting
 47279 | Vaults:1 | Entered Level 1 of the Vaults
 47280 | Vaults:1 | Found Femiv's Distillery.
 47518 | Vaults:1 | Reached skill level 24 in Axes
 48048 | Vaults:1 | Reached XP level 21. HP: 86/199 MP: 39/39
 48873 | Vaults:2 | Reached skill level 25 in Axes
 49815 | Vaults:2 | Found a staircase to the Crypt.
 50114 | Vaults:3 | Noticed Boris
 50142 | Vaults:3 | Killed Boris
 50142 | Vaults:3 | Reached skill level 26 in Axes
 50419 | Vaults:3 | SGrunt: don't die
 50518 | Vaults:3 | hi
 50680 | Vaults:3 | um
 51102 | Vaults:3 | Found Amufaacs' Armour Boutique.
 51210 | Vaults:3 | Bought a +1 pair of boots of running for 584 gold pieces
 51220 | Vaults:3 | SGrunt: quality dragon armour
 51220 | Vaults:3 | SGrunt: good
 52562 | Vaults:4 | Reached skill level 20 in Fighting
 52747 | Vaults:4 | Reached skill level 10 in Evocations
 52873 | Vaults:4 | Reached XP level 22. HP: 204/209 MP: 39/39
 52936 | Vaults:4 | Noticed Boris
 52937 | Vaults:4 | hi
 53432 | Vaults:4 | Killed Boris
 53970 | Crypt:1  | Entered Level 1 of the Crypt
 53974 | Crypt:1  | Noticed Mennas
 53978 | Crypt:1  | Noticed Margery
 54130 | Crypt:1  | Reached skill level 11 in Evocations
 54494 | Crypt:1  | Killed Margery
 54590 | Crypt:2  | Reached skill level 12 in Evocations
 54594 | Crypt:2  | Reached skill level 21 in Fighting
 55495 | Crypt:1  | Killed Mennas
 55869 | Crypt:3  | Entered Level 3 of the Crypt
 56159 | Crypt:2  | Reached skill level 13 in Evocations
 56786 | Crypt:2  | HP: 15/208 [ghoul (18)]
 57470 | Crypt:3  | Reached XP level 23. HP: 122/216 MP: 35/40
 57504 | Crypt:3  | Noticed Mara
 57657 | Crypt:3  | Reached skill level 22 in Fighting
 57664 | Crypt:3  | Reached skill level 20 in Armour
 59262 | Crypt:3  | Noticed a curse toe
 59282 | Crypt:3  | Killed a curse toe
 59695 | Crypt:3  | Found a staircase to the Tomb.
 59764 | Crypt:3  | Noticed MarvinPA's illusion
 59989 | Crypt:3  | Noticed MarvinPA's illusion
 60229 | Crypt:3  | Noticed MarvinPA's illusion
 60231 | Crypt:3  | Killed Mara
 60300 | Crypt:3  | Found a basalt altar of Yredelemnul.
 60303 | Crypt:3  | Found an ancient bone altar of Kikubaaqudgha.
 60353 | Crypt:3  | Got a crude platinum amulet
 60353 | Crypt:3  | Got a coiled jade ring
 60354 | Crypt:3  | Identified the amulet "Plog" {Ward rF+ rC- rN+ MR+} (You found it on level 3 of the Crypt)
 60355 | Crypt:3  | Identified the ring "Ceqeilic" {Contam rN+ Int+3 Dex+3} (You found it on level 3 of the Crypt)
 60361 | Crypt:3  | Got a steaming glass ring
 60362 | Crypt:3  | Identified the ring "Thonar" {-Tele rN+} (You found it on level 3 of the Crypt)
 60365 | Crypt:3  | Got a faintly glowing jade ring
 60366 | Crypt:3  | Identified the ring "Neoqiem" {+cTele Dex+1} (You found it on level 3 of the Crypt)
 60812 | Elf:3    | Entered Level 3 of the Elven Halls
 61174 | Elf:3    | Found Zaocw's Jewellery Shoppe.
 62490 | Elf:3    | Reached skill level 23 in Fighting
 62506 | Elf:3    | Reached skill level 21 in Armour
 62676 | Elf:3    | Got a twitching turquoise ring
 62678 | Elf:3    | Identified the ring "Crecoh" {Str+2 Int-3 Dex+4} (You took it off a deep elf mage on level 3 of the Elven Halls)
 62709 | Elf:3    | Identified the Reference Book on Snow
 62799 | Elf:3    | Identified the Grimoire of Talismans
 62820 | Elf:3    | Identified a +2 pair of boots of running (You found it on level 3 of the Elven Halls)
 63376 | Vaults:5 | Entered Level 5 of the Vaults
 63386 | Vaults:5 | Reached XP level 24. HP: 235/235 MP: 41/41
 63402 | Vaults:5 | SGrunt: did I miss ruining everything on level entry
 63402 | Vaults:5 | i didn't bother! tab is plenty
 63402 | Vaults:5 | also i'm saving piety for stuff that's actually scary
 63402 | Vaults:5 | SGrunt: good vampiric battleaxe
 63402 | Vaults:5 | indeed
 63408 | Vaults:5 | Reached skill level 21 in Invocations
 63424 | Vaults:5 | SGrunt: hm why don't yaktaurs start with their crossbows equipped
 63424 | Vaults:5 | they don't?
 63434 | Vaults:5 | SGrunt: the ones that both came into view both wielded their crossbows
 63440 | Vaults:5 | SGrunt: there are other mainly ranged enemies that do that too come to think of it
 63699 | Vaults:5 | Reached skill level 24 in Fighting
 63714 | Vaults:5 | Reached skill level 22 in Armour
 63735 | Vaults:5 | what a brand vampiric is
 63840 | Vaults:5 | why not
 63977 | Vaults:5 | SGrunt: the yaktaur captain did it just now
 63977 | Vaults:5 | hmm
 64008 | Vaults:5 | Got a silver rune of Zot
 64026 | Vaults:5 | Got a jewelled shadow dragon armour
 64027 | Vaults:5 | Identified the +0 shadow dragon armour "Pnext" {Int+1 Dex+2 Stlth++++} (You found it on level 5 of the Vaults)
 64028 | Vaults:5 | good name
 64180 | Vaults:5 | Got a translucent helmet
 64181 | Vaults:5 | Identified the cursed +2 helmet "Nihoux" {rF+ Str+4} (You found it on level 5 of the Vaults)
 64238 | Vaults:5 | should that be repellable
 64238 | Vaults:5 | i guess it does like 2 damage or something
 64331 | Vaults:5 | SGrunt: I don't think it's supposed to be repellable; it should give an "engulfs" msg
 64332 | Vaults:5 | maybe related to how swamp drake breaths can randomly miss entirely, if that's still a thing
 64438 | Vaults:5 | Noticed an ancient lich
 64439 | Vaults:5 | SGrunt: or that time elliptic(?) had a fire giant miss with a fireball
 64440 | Vaults:5 | nice, i've never seen that
 64450 | Vaults:5 | Killed an ancient lich
 64481 | Vaults:5 | SGrunt: there's a mantis entry for it iirc
 64600 | Vaults:5 | Reached XP level 25. HP: 190/247 MP: 37/41
 64602 | Vaults:5 | oh no a battlesphere
 64676 | Vaults:5 | Got a distressingly furry cloak
 64677 | Vaults:5 | Identified the cursed +2 cloak of Tirusy {Int+1} (You found it on level 5 of the Vaults)
 64884 | Vaults:5 | gosh i wonder if that's the real rune
 64885 | Vaults:5 | what a surprise
 64890 | Vaults:5 | Identified a +2 rod of ignition (10/10) (You found it on level 5 of the Vaults)
 64891 | Vaults:5 | SGrunt: I was very surprised personally!
 64942 | Vaults:5 | not bad
 65078 | Vaults:5 | SGrunt: what was it?
 65078 | Vaults:5 | legendary defense
 65078 | Vaults:5 | acquiring an elixir card is ok by me
 65078 | Vaults:5 | SGrunt: mm
 65078 | Vaults:5 | SGrunt: good
 66265 | Depths:1 | Entered Level 1 of the Depths
 66311 | Depths:1 | Reached skill level 14 in Evocations
 66703 | Depths:1 | Found a runed door.
 66720 | Depths:1 | Reached skill level 15 in Evocations
 66817 | Depths:1 | SGrunt: rip PDA.......
 66832 | Depths:1 | plate of rF is the perfect armour as everyone knows!
 66847 | Depths:1 | Found a gateway to Hell.
 66935 | Depths:1 | Found a one-way gate leading to the halls of Pandemonium.
 67055 | Depths:1 | Found a glowing silver altar of Zin.
 67055 | Depths:1 | Found a glowing golden altar of the Shining One.
 67055 | Depths:1 | Found a white marble altar of Elyvilon.
 67153 | Depths:1 | Got a pair of heavily runed boots
 67160 | Depths:1 | Identified a +8 rod of inaccuracy (10/10) (You found it on level 1 of the Depths)
 67183 | Depths:1 | Identified the -1 pair of boots "Virut" {rN+ Str+4 Int-3} (You found it on level 1 of the Depths)
 67347 | Depths:2 | Reached skill level 16 in Evocations
 67725 | Depths:2 | Reached skill level 17 in Evocations
 67799 | Depths:2 | Noticed Wiglaf
 67818 | Depths:2 | Killed Wiglaf
 68048 | Depths:2 | Identified Cojoinn's Guide on Calling
 68193 | Depths:2 | Reached skill level 18 in Evocations
 68193 | Depths:2 | Reached XP level 26. HP: 256/256 MP: 42/42
 68522 | Depths:3 | Noticed Agnes
 68532 | Depths:3 | Killed Agnes
 68600 | Depths:3 | Reached skill level 25 in Fighting
 69817 | Depths:4 | Noticed Jorgrun
 69832 | Depths:4 | Killed Jorgrun
 69970 | Depths:4 | Reached skill level 19 in Evocations
 70087 | Depths:4 | Found a one-way gate to the infinite horrors of the Abyss.
 70363 | Depths:4 | Found an iron altar of Okawaru.
 70815 | Depths:5 | Entered Level 5 of the Depths
 70879 | Depths:5 | Found a gateway to a ziggurat.
 71039 | Depths:5 | Reached skill level 26 in Fighting
 71283 | Depths:5 | Found a runed door.
 71283 | Depths:5 | Found a runed door.
 71317 | Depths:5 | Reached XP level 27. HP: 270/270 MP: 37/42
 71332 | Depths:5 | Found a runed door.
 71437 | Depths:5 | Found a runed door.
 71489 | Depths:5 | Found a runed door.
 71501 | Depths:5 | Found a runed door.
 71838 | Depths:5 | Found a glowing golden altar of the Shining One.
 72096 | Depths:5 | Found a gate to the Realm of Zot.
 72131 | Depths:5 | Reached skill level 22 in Invocations
 72230 | Zot:1    | Entered Level 1 of the Realm of Zot
 72542 | Zot:3    | Reached skill level 27 in Fighting
 72746 | Zot:4    | Reached skill level 23 in Invocations
 72841 | Zot:5    | Entered Level 5 of the Realm of Zot
 73129 | Zot:5    | Noticed an ancient lich
 73140 | Zot:5    | Killed an ancient lich
 73140 | Zot:5    | Reached skill level 27 in Axes
 73326 | Zot:5    | Noticed an ancient lich
 73337 | Zot:5    | Killed an ancient lich
 73337 | Zot:5    | Reached skill level 24 in Invocations
 73440 | Zot:5    | Noticed an orb of fire
 73442 | Zot:5    | Gained mutation: You are frail (-10% HP). [an orb of fire]
 73465 | Zot:5    | Killed an orb of fire
 73536 | Zot:5    | Noticed an orb of fire
 73550 | Zot:5    | Gained mutation: You are dopey. (Int -2) [an orb of fire]
 73554 | Zot:5    | Killed an orb of fire
 73554 | Zot:5    | Reached skill level 25 in Invocations
 73781 | Zot:5    | Noticed an orb of fire
 73795 | Zot:5    | Killed an orb of fire
 74082 | Zot:5    | Reached skill level 26 in Invocations
 74564 | Zot:5    | Noticed an orb of fire
 74572 | Zot:5    | Killed an orb of fire
 74681 | Zot:5    | Noticed an ancient lich
 74693 | Zot:5    | Killed an ancient lich
 74711 | Zot:5    | Reached skill level 27 in Invocations
 74808 | Zot:5    | Reached skill level 23 in Armour
 75115 | Zot:5    | Got the Orb of Zot
 75195 | Zot:5    | Noticed Eroic the pandemonium lord
 75314 | Zot:2    | Noticed an orb of fire
 75327 | Zot:2    | Killed an orb of fire
 75587 | Depths:1 | Reached skill level 24 in Armour
 75626 | D:14     | Noticed Muffaich the pandemonium lord
 75639 | D:14     | Killed Muffaich the pandemonium lord
 75709 | D:11     | Noticed Afesteda the pandemonium lord
 75898 | D:5      | Noticed Deonydgh the pandemonium lord
 76059 | D:$      | Escaped with the Orb!

Vanquished Creatures
  5 orbs of fire
  4 ancient liches
  Boris (twice) (Vaults:3 Vaults:4)
  the Lernaean hydra (Swamp:5)
  Saint Roka (Snake:5)
  3 Killer Klowns (Zot:5)
  2 curse toes
  Mara (Crypt:3)
  A pandemonium lord (D:14)
  5 golden dragons
  A pearl dragon (Depths:1)
  2 bone dragons
  A Brimstone Fiend (D:11)
  2 electric golems (Zot:5)
  26 Orb Guardians
  A caustic shrike (shapeshifter) (Depths:2)
  13 tentacled monstrosities
  Vashnia (Snake:4)
  2 titans
  An Ice Fiend (D:8)
  A quicksilver dragon (Vaults:5)
  6 deep elf blademasters
  Asterion (Elf:2)
  3 deep elf master archers (Elf:3)
  3 liches
  3 sphinxes
  Rupert (Snake:1)
  Agnes (Depths:3)
  11 ancient champions
  2 octopode crushers (Depths:3)
  13 storm dragons
  3 thorn hunters
  9 shadow dragons
  7 tengu reavers (Vaults:5)
  3 revenants
  6 fire giants
  2 draconian monks
  2 azure jellies (shapeshifter) (Depths:2)
  8 frost giants
  Donald (Swamp:4)
  Wiglaf (Depths:2)
  3 ghost moths
  8 greater nagas
  13 vault wardens
  2 iron dragons
  A draconian knight (Zot:5)
  6 draconian scorchers
  Aizul (Snake:1)
  Louise (Snake:4)
  8 deep elf sorcerers
  A curse skull (Crypt:3)
  Gastronok (Lair:3)
  A draconian zealot (Zot:5)
  10 ghouls
  3 emperor scorpions
  2 draconian annihilators
  Jorgrun (Depths:4)
  A draconian shifter (Zot:5)
  19 stone giants
  2 spriggan defenders
  2 reapers
  11 very ugly things
  4 war gargoyles
  11 ironheart preservers
  An ophan (Depths:1)
  4 green draconians (Depths:5)
  A salamander firebrand (Depths:2)
  An apis (Depths:1)
  4 black draconians
  3 grey draconians
  4 deep elf annihilators
  Azrael (Elf:2)
  10 vampire knights
  4 mottled draconians
  5 deep elf demonologists
  4 dire elephants
  10 purple draconians
  2 white draconians
  5 yellow draconians
  3 red draconians
  4 pale draconians
  9 eidola
  5 deep elf death magi
  18 yaktaur captains
  Snorg (Snake:3)
  4 blizzard demons
  15 crystal guardians (Depths:2)
  A minotaur (shapeshifter) (Depths:2)
  10 ettins
  3 deep elf high priests
  A quicksilver dragon zombie (Crypt:3)
  29 vault guards
  A fire dragon (shapeshifter) (Depths:2)
  A great orb of eyes (shapeshifter) (Depths:2)
  4 rakshasas
  A merfolk impaler (Depths:3)
  4 great orbs of eyes
  8 jiangshi
  17 ice dragons
  3 death cobs
  4 minotaurs
  17 fire dragons
  23 hydras
  Harold (D:10)
  12 naga warriors
  An anaconda (shapeshifter) (Depths:2)
  Nessos (D:14)
  8 deep troll earth magi
  11 anacondas
  11 alligators
  3 spriggan air magi
  9 centaur warriors
  28 dancing weapons
  3 death knights
  3 vampire magi
  A titan zombie (Vaults:4)
  18 death yaks
  9 ogre magi
  4 tengu warriors
  14 shock serpents
  A storm dragon zombie (Vaults:3)
  An orc high priest (Orc:4)
  14 naga sharpshooters
  2 deep troll shamans
  6 spriggan berserkers
  Nergalle (Lair:1)
  2 shock serpents (shapeshifter) (Depths:2)
  4 soul eaters
  A hell beast (Depths:3)
  5 hell knights
  A titan skeleton (Crypt:1)
  28 deep elf knights
  6 shadow wraiths
  20 skeletal warriors
  An ice devil (Depths:5)
  2 fire crabs (shapeshifter)
  10 swamp dragons
  A large abomination (Elf:2)
  9 salamander mystics
  A swamp dragon (shapeshifter) (Depths:2)
  A ball lightning (Depths:2)
  A ghost moth zombie (Crypt:2)
  4 spriggan druids
  16 ironbrand convokers
  Erolcha (D:8)
  An unseen horror (shapeshifter) (Vaults:1)
  5 wizards
  6 hill giants
  A death drake (shapeshifter) (D:14)
  7 giant orange brains
  4 ice statues
  15 deep elf summoners
  A torturous demonspawn (D:6)
  4 shambling mangroves
  10 deep trolls
  5 naga ritualists
  A tengu zombie (Vaults:3)
  Pikel (D:5)
  A harpy (shapeshifter) (D:15)
  27 ugly things
  4 griffons
  7 lindwurms
  15 mana vipers
  3 flayed ghosts
  A giant orange brain (shapeshifter) (Depths:2)
  3 putrid demonspawn
  5 unseen horrors
  2 wolf spider zombies
  A golden dragon skeleton (Crypt:3)
  An oklob plant (Lair:5)
  A shining eye (shapeshifter) (Vaults:1)
  25 deep elf conjurers
  5 wolf spiders
  10 necromancers
  16 orc knights
  2 mana vipers (shapeshifter)
  18 salamanders
  5 cyclopes
  A manticore (shapeshifter) (Depths:2)
  A fire giant zombie (Crypt:3)
  17 moths of wrath
  A cyclops (shapeshifter) (Vaults:5)
  5 hornets
  5 orc sorcerers
  15 elephants
  16 phantasmal warriors
  4 manticores
  3 fire giant skeletons
  4 frost giant skeletons
  4 sixfirhies
  A draconian (shapeshifter) (Vaults:1)
  An elephant (shapeshifter) (Depths:2)
  Maurice (D:10)
  4 smoke demons
  A dire elephant zombie (Crypt:3)
  32 black mambas
  10 guardian serpents
  2 rust devils
  A storm dragon simulacrum (Vaults:2)
  A hellion (D:11)
  A torpor snail (shapeshifter) (Depths:2)
  2 orange demons (Elf:3)
  8 torpor snails
  7 kobold demonologists
  6 centaur skeletons
  3 small abominations
  3 molten gargoyles (Depths:2)
  2 emperor scorpion zombies
  18 naga magi
  A yellow draconian zombie (Crypt:2)
  16 vault sentinels
  14 komodo dragons
  17 spiny frogs
  2 yaktaur zombies
  50 yaktaurs
  An efreet (D:14)
  2 gargoyles
  5 demonic crawlers
  An elf (shapeshifter) (Depths:2)
  A queen bee (Lair:1)
  5 fire drakes
  3 red devils
  A yaktaur (shapeshifter) (Vaults:2)
  2 tengu conjurers
  A jumping spider (shapeshifter) (Depths:5)
  A sea snake skeleton (Crypt:3)
  2 queen bees (shapeshifter)
  A ghoul skeleton (Crypt:2)
  4 human skeletons
  17 blink frogs
  2 blue devils
  A hydra zombie (Crypt:2)
  4 hellwings
  11 two-headed ogres
  A tormentor (Depths:4)
  19 fire elementals
  21 polar bears
  20 slime creatures
  2 iron troll skeletons
  14 deep elf priests
  5 trolls
  22 bog bodies
  6 giant leeches
  6 baby alligators
  A hornet zombie (D:15)
  6 boulder beetles
  8 freezing wraiths
  4 wind drakes (Depths:2)
  23 ravens
  A stone giant simulacrum (Crypt:3)
  An ice dragon zombie (Crypt:3)
  A catoblepas skeleton (Crypt:2)
  An iron dragon simulacrum (Crypt:1)
  2 frost giant simulacra
  2 basilisks (Lair:6)
  12 air elementals
  3 flying skulls (Crypt:1)
  3 redbacks
  18 spriggans
  6 vampires
  3 chaos spawn
  A tarantella (Elf:2)
  14 wraiths
  35 deep elf magi
  19 humans (D:13)
  19 water elementals
  7 shadows
  27 vampire mosquitoes
  A fire bat (shapeshifter) (Depths:2)
  3 steam dragons (Lair:8)
  Grum (D:12)
  78 yaks
  4 hippogriffs
  2 hungry ghosts
  55 deep elf fighters
  3 wargs
  A hog (shapeshifter) (Depths:3)
  6 mottled dragons
  2 neqoxecs
  28 swamp worms
  A steam dragon (shapeshifter) (Depths:2)
  33 wolves
  7 porcupines
  A raven skeleton (Crypt:3)
  42 nagas
  20 insubstantial wisps
  A soldier ant (D:12)
  3 hell hounds
  16 swamp drakes
  29 water moccasins
  38 orc warriors
  An eye of draining (D:11)
  4 necrophages
  3 black bears
  13 ice beasts
  A snapping turtle zombie (Crypt:3)
  2 phantoms
  An anubis guard zombie (Crypt:3)
  40 ogres
  2 boggarts (Depths:3)
  A wasp (shapeshifter) (Vaults:2)
  2 boring beetles
  6 sky beasts
  22 wasps
  28 crocodiles
  A lost soul (Crypt:2)
  Sigmund (D:5)
  Duvessa (D:7)
  15 centaurs
  4 brain worms (Lair:8)
  A brain worm (shapeshifter) (Depths:2)
  27 giant frogs
  5 big kobolds
  A hog skeleton (Crypt:2)
  10 earth elementals (Depths:2)
  A water moccasin skeleton (Crypt:1)
  A glowing shapeshifter simulacrum (Vaults:1)
  3 scorpions
  2 wyvern skeletons
  A human simulacrum (Vaults:1)
  43 killer bees
  A spriggan skeleton (Crypt:3)
  8 wights
  3 electric eels (Lair:8)
  Dowan (D:7)
  6 crimson imps
  4 goliath beetles
  An iron imp (Depths:4)
  4 quasits
  4 lava snakes (Snake:4)
  2 centaur zombies
  7 jellies
  A basilisk zombie (Crypt:1)
  2 giant frog zombies
  31 orc priests
  18 hounds
  5 human zombies
  47 orc wizards
  A worker ant (shapeshifter) (D:14)
  10 worker ants
  A basilisk skeleton (Crypt:3)
  12 iguanas
  A killer bee zombie (D:8)
  3 hell rats
  8 sheep
  Ijyb (D:5)
  Jessica (D:2)
  A felid skeleton (Crypt:1)
  A naga zombie (Crypt:3)
  3 mummies
  An ogre skeleton (Crypt:1)
  19 river rats
  3 worker ant zombies
  29 adders
  4 gnolls (D:5)
  A swamp drake skeleton (Crypt:2)
  6 shadow imps
  3 white imps
  20 worms
  3 ufetubi (Depths:4)
  2 adder skeletons
  An adder zombie (Crypt:1)
  An iguana skeleton (Crypt:3)
  13 giant geckos
  200 orcs
  12 bats
  7 giant cockroaches
  A gnoll zombie (Crypt:1)
  18 goblins
  27 hobgoblins
  13 jackals
  15 quokkas
  2 ball pythons
  A giant gecko zombie (D:8)
  13 giant newts
  2 giant spores (D:10)
  A jackal zombie (Crypt:2)
  24 kobolds
  A kobold skeleton (Crypt:2)
  2 orc zombies
  8 rats
  A rat skeleton (Crypt:3)
  A river rat zombie (Crypt:2)
  3 spectral orcs (Lair:1)
  11 ballistomycetes
  21 briar patches
  2 bushes
  4 crawling corpses
  90 fungi
  73 plants
3151 creatures vanquished.

Vanquished Creatures (collateral kills)
  Mennas (Crypt:1)
  A tengu reaver (Vaults:5)
  An orc warlord (Orc:4)
  A hydra (Lair:6)
  An orc high priest (Orc:4)
  A soul eater (D:14)
  An ice statue (IceCv)
  A mana viper (Snake:5)
  An orc knight (Orc:4)
  A wolf spider zombie (Crypt:1)
  A stone giant zombie (Vaults:3)
  An elephant (Lair:8)
  2 naga magi (Snake:3)
  A kobold demonologist (Vaults:3)
  A tormentor (Depths:1)
  A bog body (Swamp:5)
  2 slime creatures (Swamp:2)
  An ice dragon zombie (Crypt:1)
  A water elemental (Depths:3)
  3 orc warriors
  A water moccasin (Snake:3)
  A boggart (Depths:3)
  A kobold zombie (Vaults:3)
  2 orcs
29 creatures vanquished.

Vanquished Creatures (others)
  Margery (Crypt:1)
  A tengu reaver (Vaults:5)
  A greater naga (Snake:5)
  A vault warden (Vaults:2)
  A vampire knight (Depths:3)
  An ettin (Vaults:5)
  An orc high priest (Orc:4)
  A soul eater (Depths:1)
  6 ball lightnings (Depths:2)
  A giant orange brain (Depths:2)
  An orc sorcerer (Orc:4)
  A moth of wrath (Zot:5)
  A naga mage (Snake:5)
  Grinder (D:5)
  A giant leech (Swamp:5)
  A bog body (Crypt:2)
  10 air elementals
  5 water elementals
  A deep elf mage (Vaults:5)
  22 fire elementals
  2 deep elf fighters
  A hippogriff (shapeshifter) (Depths:2)
  An insubstantial wisp (Depths:2)
  A slave (D:5)
  2 ogres
  4 earth elementals
  4 lost souls
  A scorpion (D:10)
  A giant frog skeleton (D:5)
  2 worker ants (D:5)
  A white imp (Lair:1)
  2 orcs
  A bat (D:10)
  2 giant spores (D:13)
  A ballistomycete (D:13)
  5 fungi
  10 plants (Lair:8)
100 creatures vanquished.

Grand Total: 3280 creatures vanquished
